 Dungeon Crawl Stone Soup version 0.23.2-40-g277498a001 (webtiles) character file.

Game seed: 5460972191276564094

94 Curus the Insei (level 4, 0/32 HPs)
             Began as a Merfolk Transmuter on Sept 23, 2019.
             Succumbed to an adder's poison
             ... on level 2 of the Dungeon.
             The game lasted 00:10:48 (1536 turns).

Curus the Insei (Merfolk Transmuter)                Turns: 1536, Time: 00:10:48

Health: 0/32       AC:  2    Str: 10    XL:     4   Next: 63%
Magic:  16/16      EV: 13    Int: 13    God:
Gold:   133        SH:  0    Dex: 14    Spells: 3/7 levels left

rFire    . . .     SeeInvis .     - Unarmed
rCold    . . .     Gourm    .   (no shield)
rNeg     . . .     Faith    .   b - +0 robe
rPois    .         Spirit   .   (no helmet)
rElec    .         Reflect  .   (no cloak)
rCorr    .         Harm     .   (no gloves)
MR       .....                  (no boots)
Stlth    +.........             (no amulet)
HPRegen  0.10/turn              g - ring of magical power
MPRegen  0.15/turn              (no ring)

@: lethally poisoned (0 -> -5), appendage (expiring)
A: change form in water, swift swim, stealthy swim, horns 2
a: End Transformation


You were on level 2 of the Dungeon.
You were not hungry.
You had grown temporary horns.
You visited 1 branch of the dungeon, and saw 2 of its levels.

You collected 133 gold pieces.

Inventory:

Missiles
 a - 12 arrows
Armour
 b - a +0 robe (worn)
Jewellery
 g - a ring of magical power (left hand)
Scrolls
 c - a scroll of identify
Comestibles
 d - 3 rations


   Skills:
 - Level 1.1 Fighting
 - Level 2.6 Dodging
 - Level 4.5 Unarmed Combat
 - Level 2.0 Spellcasting
 + Level 4.0 Transmutations
 + Level 2.1 Poison Magic


You had 3 spell levels left.
You knew the following spells:

 Your Spells              Type           Power        Failure   Level  Hunger
a - Beastly Appendage     Tmut           ##....       4%          1    ##.....
b - Spider Form           Tmut/Pois      #.........   22%         3    ####...

Your spell library contained the following spells:

 Spells                   Type           Power        Failure   Level  Hunger
 Sticks to Snakes         Tmut           ##......     8%          2    ###....
 Ice Form                 Ice/Tmut       #.......     73%         4    #####..
 Blade Hands              Tmut           ##........   80%         5    ######.


Dungeon Overview and Level Annotations

Branches:
Dungeon (2/15)

Altars:
Sif Muna
Wu Jian
Xom


Innate Abilities, Weirdness & Mutations

You revert to your normal form in water You are very nimble and swift while swimming.
You are very stealthy in the water. (Stealth+)
You have a pair of horns on your head.


Message History

* * * LOW HITPOINT WARNING * * *
You feel sick. The adder bites you.
* * * LOW HITPOINT WARNING * * *
You closely miss the adder. You headbutt the adder.
You kill the adder!
Your Transmutations skill increases to level 4!
* * * LOW HITPOINT WARNING * * *
You feel sick.
Unknown command.
You see here an adder corpse.
You butcher the adder corpse.
* * * LOW HITPOINT WARNING * * *
You feel sick.
Things that are here:
2 chunks of flesh; an adder skeleton Eat one of 2 chunks of flesh? (ye/n/q)
You eat one of the 2 chunks of flesh.
This raw flesh tastes terrible.
* * * LOW HITPOINT WARNING * * *
You feel sick.
You die...

#.# #.. #.# ##.
### ##.## #. #..
##.#.## #< #.#
##.###.###. #.#
#.## ##.##. #.#
##.###>###. #.#
#..#..# #) #@#
#.#.#.# #)
#.#######.#.#.# #.
#..%....(.#.#.###.
###########.#.....
#.#####. #.# #.
#.# #. #.# #. #.#
##


There were no monsters in sight!

Vanquished Creatures
  5 adders (D:2)
  An ooze (D:1)
  2 worms (D:2)
  A dart slug (D:1)
  A leopard gecko (D:1)
  2 giant cockroaches
  9 goblins
  3 hobgoblins
  4 kobolds
  A ball python (D:2)
  3 bats
  A frilled lizard (D:1)
  5 rats
38 creatures vanquished.

Notes
Turn   | Place    | Note
-------+----------+-------------------------------------------
     0 | D:1      | Curus the Merfolk Transmuter began the quest for the Orb.
     0 | D:1      | Reached XP level 1. HP: 15/15 MP: 3/3
   190 | D:1      | Reached XP level 2. HP: 21/21 MP: 5/5
   700 | D:2      | Reached XP level 3. HP: 22/26 MP: 4/6
   705 | D:2      | Learned a level 3 spell: Spider Form
   756 | D:2      | Reached skill level 1 in Poison Magic
  1082 | D:2      | Reached XP level 4. HP: 19/32 MP: 5/7
  1270 | D:2      | Found a shimmering altar of Xom.
  1271 | D:2      | Found an ornate altar of the Wu Jian Council.
  1272 | D:2      | Found a deep blue altar of Sif Muna.
  1532 | D:2      | HP: 1/32 [poisoned by an adder]
  1536 | D:2      | Succumbed to an adder's poison

Skill      XL: |  1  2  3  4 |
---------------+-------------+-----
Unarmed Combat | 4 |  4.5
Transmutations | 3 4 |  4.0
Poison Magic   | 1 2 |  2.1
Fighting       | |  1.1
Dodging        | |  2.6
Spellcasting   | |  2.0

Action                   |  1- 3 |  4- 6 || total
-------------------------+-------+-------++-------
Melee: Unarmed           |    86 |    49 ||   135
       Punch             |     3 |       ||     3
       Headbutt          |       |     5 ||     5
 Cast: Beastly Appendage |     9 |     7 ||    16
       Spider Form       |     1 |     1 ||     2
  Use: Scroll            |     4 |       ||     4
       Potion            |     1 |     1 ||     2
 Stab: Sleeping          |     1 |       ||     1
  Eat: Chunk             |     1 |     2 ||     3
Armor: Robe              |    10 |     4 ||    14
Dodge: Dodged            |    47 |    28 ||    75
